 Dungeon Crawl Stone Soup version 0.30.1-4-g462c640d31 (webtiles) character file.

Game seed: 15401569077949215603

33 safid the Chiller (level 3, 0/26 HPs)
             Began as a Merfolk Ice Elementalist on Aug 23, 2023.
             Slain by an orc
             ... wielding a +0 whip
              (3 damage)
             ... on level 3 of the Dungeon.
             The game lasted 00:01:36 (1319 turns).

safid the Chiller (Merfolk Ice Elementalist)        Turns: 1319, Time: 00:01:37

Health: 0/26       AC:  3    Str:  8    XL:     3   Next: 29%
Magic:  13/15      EV: 12    Int: 16    God:
Gold:   113        SH:  0    Dex: 14    Spells: 6/7 levels left

rFire   . . .        f - +0 dagger
rCold   . . .        (no shield)
rNeg    . . .        a - +0 robe
rPois   .            (no helmet)
rElec   .            (no cloak)
rCorr   .            k - +0 pair of gloves
SInv    .            (no boots)
Will    +....        (no amulet)
Stlth   ++           d - ring of willpower
HPRegen 0.24/turn    e - ring of magical power
MPRegen 0.14/turn

%: no passive effects
@: no status effects
A: (nimble swimmer 2), mertail
a: no special abilities


You were on level 3 of the Dungeon.
You visited 1 branch of the dungeon, and saw 3 of its levels.

You collected 113 gold pieces.

Inventory:

Hand Weapons
 f - a +0 dagger (weapon)
Armour
 a - a +0 robe (worn)
 k - a +0 pair of gloves (worn)
Jewellery
 d - a ring of willpower (left hand)
 e - a ring of magical power (right hand)
Wands
 p - a wand of flame (22)
Scrolls
 c - a scroll of enchant armour {unknown}
 h - a scroll of immolation {unknown}
 i - a scroll of silence {unknown}
 l - a scroll of fear {unknown}
 n - a scroll of vulnerability {unknown}
 o - a scroll of identify {unknown}
Potions
 b - a potion of magic
 g - a potion of attraction {unknown}
 j - 2 potions of mutation {unknown}
 m - a potion of heal wounds {unknown}
 q - a potion of ambrosia {unknown}


   Skills:
 + Level 1.5 Fighting
 - Level 2.6 Dodging
 - Level 2.1 Stealth
 + Level 2.5 Spellcasting
 + Level 4.8 Ice Magic


You had 6 spell levels left.
You knew the following spells:

 Your Spells              Type           Power      Damage    Failure   Level
a - Freeze                Ice            68%        1d8       2%          1

Your spell library contained the following spells:

 Spells                   Type           Power      Damage    Failure   Level
 Frozen Ramparts          Ice            34%        1d6       9%          3
 Ozocubu's Armour         Ice            17%        N/A       9%          3
 Summon Ice Beast         Ice/Summ       9%         N/A       58%         4


Dungeon Overview and Level Annotations

Branches:
Dungeon (3/15)

Altars:
Okawaru


Innate Abilities, Weirdness & Mutations

((You are very nimble when in or above water. (Stealth+, EV+, Speed+++)))
Your lower body shifts to a powerful aquatic tail in water.


Message History

Magic restored.
Found a stone staircase leading down.
You now have 106 gold pieces (gained 13).
A bat comes into view.
The bat barely misses you.
You hit the bat.
You kill the bat!
No target in view!
You now have 113 gold pieces (gained 7).
An orc comes into view. It is wielding a +0 whip.
An orc is nearby!
An orc comes into view. It is wielding a +0 war axe.
The orc shouts!
You hear a shout! x2
An orc comes into view. It is wielding a +4 dagger.
You hear a shout!
An orc comes into view. It is wielding a +0 short sword.
The orc hits you with a +0 war axe! The orc hits you with a +0 short sword.
The orc misses you.
Casting: Freeze (safe; 2% risk of failure)
Confirm with . or Enter, or press ? or * to list all spells.
Aiming: Freeze (safe; 2% risk of failure)
Press: ? - help, Shift-Dir - straight line, f - orc
Aim: an orc, wielding a +0 war axe and wearing a +0 scale mail You freeze the orc.
The orc is moderately wounded.
The orc hits you with a +0 short sword. The orc misses you.
The orc barely misses you.
Casting: Freeze (safe; 2% risk of failure)
Confirm with . or Enter, or press ? or * to list all spells.
Aiming: Freeze (safe; 2% risk of failure)
Press: ? - help, Shift-Dir - straight line, f/p - orc
Aim: an orc, wielding a +0 war axe and wearing a +0 scale mail (moderately wounded)
You freeze the orc.
The orc is severely wounded.
The orc hits you with a +0 short sword.
An orc priest comes into view. It is wielding a +0 dagger.
The orc hits you with a +0 war axe!
* * * LOW HITPOINT WARNING * * *
The orc hits you with a +0 whip.
You die...

## ##8## #.... . ##.o### ...
#.oo@.####... ##.o#.#......
#o...#........
##8###...#....
##########.......###
.........#.#...#.# #####
.......>.......#.#######....
..........###..#.##........#
#....†.#......#.##........#


You could see an orc priest and 4 orcs.

Vanquished Creatures
  A dart slug (D:1)
  A ball python (D:1)
  4 endoplasms
  A giant cockroach (D:1)
  2 goblins (D:1)
  4 hobgoblins
  2 quokkas (D:1)
  4 bats
  2 frilled lizards (D:1)
  3 kobolds (D:1)
  4 rats (D:1)
28 creatures vanquished.

Notes
Turn   | Place    | Note
-------+----------+-------------------------------------------
     0 | D:1      | safid the Merfolk Ice Elementalist began the quest for the
                  | Orb.
     0 | D:1      | Reached XP level 1. HP: 13/13 MP: 3/3
   257 | D:1      | Reached XP level 2. HP: 15/20 MP: 5/5
   463 | D:1      | Reached skill level 1 in Fighting
   686 | D:1      | Reached XP level 3. HP: 26/26 MP: 6/6
  1228 | D:2      | Found an iron altar of Okawaru.
  1268 | D:2      | You fall into a shaft and drop 1 floor!
  1319 | D:3      | Slain by an orc

Illustrated notes

Levels and vault maps discovered:
D:1:      onia_arrival_mini_spirals, layout_basic
D:2:      layout_basic, basic_altar, uniq_jessica
D:3:      cheibrodos_old_hovel, layout_basic, serial_shops, shop,
          pf_guarded_unrand_meek

Skill      XL: |  1  2 |
---------------+-------+-----
Fighting       | 1 |  1.5
Dodging        | |  2.6
Stealth        | |  2.1
Spellcasting   | |  2.5
Ice Magic      | |  4.8

Action                     || total
---------------------------++-------
  Melee: Dagger            ||    58
         Unarmed           ||     1
   Cast: Freeze            ||    22
   Stab: Sleeping          ||     5
 Armour: Robe              ||    20
  Dodge: Dodged            ||    50
